PORCA PUTTANA, neutral female gnomish Healer --------- ------- -......-. #* |.......| |.....| #.........####### |.......| #-.....-#####|........###[**##### ** * |.......-#######|.....| |........###############0 |.......| ------- ----.....##*#######*##### ----|---- * #***###*0#######)# # #*##### * ######### ### ####### ####*###### # ####0*0 # ##......--- ####### ## # ###........| -------.---- 0 ### ......>.| -------- #...........| ######........| ### |......| #1#|.*........| # |.......|####)###.......| ------ # |..........| ------### |........# ###|...[..| |.{...### |..........| |.....# |.......| |......| |..I.| ------------ |.**.| --------- -------- |.@I..###0############################-._..| |.1I.| ------ ------ PORCA PUTTANA the Embalmer Experience level: 8 Strength: 11 Dexterity: 8 Constitution: 15 Intelligence: 12 Wisdom: 18 Charisma: 16 Health: 0(47) Energy: 85(85) AC: -3 Gold: 0 Moves: 7474 Your Inventory: Weapons a - an uncursed +1 scalpel (weapon in hand) v - an [uncursed +0] silver short sword y - 10 [uncursed] rusty [+0] throwing stars [shuriken] A - 8 [blessed +2] darts R - an uncursed [+0] mace Armor f - an uncursed [+0] pair of snow boots [elven] i - a cursed +0 studded leather armor (being worn) z - a [blessed] +1 pair of hard shoes [iron] (being worn) L - an uncursed +0 blue and green shield [elven] (being worn) M - an uncursed +0 elven cloak (being worn) Q - an uncursed +1 pair of leather gloves (being worn) X - an uncursed +0 mummy wrapping Scrolls w - 2 [uncursed] scrolls of blank paper Rings q - a cursed jade ring [of conflict] r - an uncursed glass ring [of invisibility] (on right hand) T - a cursed granite ring [of polymorph] U - an uncursed ring called warning? [of warning] (on left hand) Wands h - an uncursed wand of sleep (0:0) u - an [uncursed] quartz wand [of nothing (0:1)] x - an [uncursed] wand of striking [0:7] Tools b - an [uncursed] bag called holding [of holding] c - an uncursed rusty stethoscope m - an uncursed oil lamp (0:1152) o - an [uncursed] lock pick t - an [uncursed] expensive camera [0:90] B - an [uncursed] blindfold C - an [uncursed +0] pick-axe Contents of the bag of holding: 1878 gold pieces 5 [uncursed] food rations an [uncursed] partly eaten food ration 7 [uncursed] meatballs a cursed scroll labeled KO BATE [of identify] a cursed scroll labeled PHOL ENDE WODAN [of flood] a cursed scroll labeled VELOX NEB [of confuse monster] 3 uncursed scrolls of blank paper a [blessed] scroll of gold detection a [cursed] brown potion [of levitation] a [cursed] orange potion [of gain ability] a [cursed] potion of extra healing Spells known in the end: Name Level Category Fail Memory a - healing 1 healing 74% [||||||..] b - extra healing 3 healing 77% [||||||..] c - stone to flesh 3 healing 85% [||||||..] Your skills at the end: Fighting Skills Weapon Skills knife [Expert / Expert] Spellcasting Skills healing spells [Basic / Expert] Final Attributes: You were piously aligned. Hunger level was 1598. Your alignment was 45 / 47. Monster difficulty range was 1 - 7. Level difficulty was 7. You were immune to poison. You were blinded. You were warned. You had infravision. You were invisible. You were stealthy. You were protected. Your luck was zero. You are dead. Vanquished creatures: a ghost 2 small mimics 2 giant beetles 2 leprechauns an orc mummy a gold golem a dingo a raven a human zombie 2 Woodland-elves 2 orc shamans a rock mole a fog cloud a yellow light a shrieker a violet fungus 2 kobold mummies 2 gray oozes 3 straw golems a paper golem a giant ant a floating eye 3 dwarves 7 rothes a rabid rat a centipede 3 giant bats 3 orc zombies 6 dwarf zombies a werejackal 3 iguanas a coyote 3 hobbits 5 manes a large kobold 2 hobgoblins a giant rat 3 cave spiders 3 gnomes 3 garter snakes 2 geckos 11 jackals a kobold a goblin 6 sewer rats 7 grid bugs a bat 2 lichens a kobold zombie 6 newts 119 creatures vanquished. Voluntary challenges: You used a wielded weapon 310 times. You read items or engraved 29 times. You put on armor 17 times. You never genocided any monsters. You never polymorphed an object. You never changed form. You used no wishes. You wrote Elbereth's name 13 times. You encountered 1 bones level. You never used any Sokoban shortcuts. Dungeon overview: The Dungeons of Doom: levels 1 to 8 Level 1 a long staircase Level 2 a fountain stairs to The Gnomish Mines Level 3 a delicatessen Level 4 a general store Level 6 (T) a fountain Level 7 (T) <- You were here an altar to Hermes, a fountain The Gnomish Mines: levels 3 to 5 Level 3 stairs to The Dungeons of Doom Level 5 some shops, a temple, a magic chest, some fountains History has recorded: On T:1 you entered the Dungeons of Doom to retrieve the Amulet of Yendor! On T:200 you reached level 2 of The Dungeons of Doom. On T:271 you reached level 1 of The Gnomish Mines. On T:362 you reached level 2 of The Gnomish Mines. On T:399 you advanced to experience level 2. On T:430 you reached level 3 of The Gnomish Mines. On T:483 you advanced to experience level 3. On T:569 you advanced to experience level 4. On T:624 you advanced to experience level 5. On T:1156 you reached level 3 of The Dungeons of Doom. On T:1510 you advanced to experience level 6. On T:1536 you reached level 4 of The Dungeons of Doom. On T:1912 you reached level 5 of The Dungeons of Doom. On T:2161 you reached level 6 of The Dungeons of Doom. On T:2260 you reached level 7 of The Dungeons of Doom. On T:2564 you reached level 8 of The Dungeons of Doom. On T:3153 you advanced to experience level 7. On T:5007 you advanced to experience level 8. Latest messages: You drop a pick-axe. Your movements are now unencumbered. [HP+1=46] You have a little trouble lifting C - a pick-axe. Your movements are slowed slightly because of your load. [2 turns] [HP+1=47] [2 turns] (3x) The hobgoblin wields a curved sword! [2 turns] (3x) You fall down the stairs. You named this level: T. The Woodland-elf swings his runed broadsword. The Woodland-elf misses. The Woodland-elf swings his runed broadsword. The Woodland-elf hits! The Woodland-elf swings his runed broadsword. The Woodland-elf hits! The raven misses. (2x) The raven bites! The raven blinds you! It hits! (3x) You die... Final status: Goodbye PORCA PUTTANA the Healer... You died in The Dungeons of Doom on dungeon level 7 with 6527 points, and 1878 pieces of gold, after 7474 moves. You were level 8 with a maximum of 47 hit points when you died.